 Dungeon Crawl Stone Soup version 0.25-a0-842-g81a31cfd23 (webtiles) character file.

Game seed: 14416139563083894837, levelgen mode: classic

448 Amnesiac the Gusty (level 6, 0/32 HPs)
             Began as a Deep Elf Air Elementalist on Apr 24, 2020.
             Slain by a scorpion (5 damage)
             ... on level 4 of the Dungeon.
             The game lasted 00:05:19 (1500 turns).

Amnesiac the Gusty (Deep Elf Air Elementalist)      Turns: 1500, Time: 00:05:20

Health: 0/32       AC:  4    Str:  5    XL:     6   Next: 73%
Magic:  13/17      EV: 13    Int: 22    God:
Gold:   102        SH:  0    Dex: 15    Spells: 10/17 levels left

rFire    . . .     SeeInvis .   e - +3 hunting sling (vorpal)
rCold    . . .     Gourm    .   (no shield)
rNeg     . . .     Faith    .   a - +0 robe
rPois    .         Spirit   .   d - +0 helmet
rElec    .         Reflect  .   (no cloak)
rCorr    .         Harm     .   g - +0 pair of gloves
MR       .....                  (no boots)
Stlth    ++........             (no amulet)
HPRegen  0.10/turn              k - ring of wizardry
MPRegen  0.15/turn              (no ring)

@: lethally poisoned (0 -> -10)
A: no striking features
a: no special abilities


You were on level 4 of the Dungeon.
You were not hungry.

You visited 1 branch of the dungeon, and saw 5 of its levels.

You collected 102 gold pieces.

Inventory:

Hand Weapons
 e - a +3 vorpal hunting sling (weapon)
Missiles
 b - 14 sling bullets
 h - a stone (quivered)
 i - 21 poisoned darts
Armour
 a - a +0 robe (worn)
 d - a +0 helmet (worn)
 g - a +0 pair of gloves (worn)
Jewellery
 k - a ring of wizardry (left hand)
Scrolls
 l - 2 scrolls of fear {!r}
Potions
 j - a potion of mutation {!q, unknown}
 m - a potion of curing {!q}
 n - a potion of heal wounds {!q, unknown}
Comestibles
 c - 3 rations


   Skills:
 - Level 2.4 Dodging
 - Level 2.4 Stealth
 + Level 6.0 Spellcasting
 - Level 1.1 Conjurations
 * Level 6.5 Air Magic


You had 10 spell levels left.
You knew the following spells:

 Your Spells              Type           Power        Failure   Level  Hunger
a - Shock                 Conj/Air       ###.         1%          1    None
e - Airstrike             Air            #####.....   2%          4    ###....
z - Swiftness             Chrm/Air       ###.....     1%          2    None

Your spell library contained the following spells:

 Spells                   Type           Power        Failure   Level  Hunger
 Static Discharge         Conj/Air       ###.....     2%          3    #......
 Lightning Bolt           Conj/Air       ###.......   21%         5    #####..


Dungeon Overview and Level Annotations

Branches:
Dungeon (5/15)
 Temple: D:4-7

Altars:


Message History

You butcher the frilled lizard corpse.
f - 3 chunks of flesh (gained 1)
You see here a frilled lizard skeleton.
You start resting.
Some of the chunks of flesh in your inventory have rotted away.
HP restored.
You now have 102 gold pieces (gained 10).
There is a stone staircase leading down here.
You climb downwards.
A scorpion, a sky beast and a phantom come into view.
There is a stone staircase leading up, spattered with blood here.
Casting: Shock (safe; 1% risk of failure)
Confirm with . or Enter, or press ? or * to list all spells.
Aiming: Airstrike (mildly dangerous; 3% risk of failure)
Press: ? - help, Dir - move target cursor, f - sky beast
Aim: a sky beast The air twists around and violently strikes the sky beast!!
The sky beast is severely wounded.
Casting: Airstrike (mildly dangerous; 3% risk of failure)
Confirm with . or Enter, or press ? or * to list all spells.
Aiming: Airstrike (mildly dangerous; 3% risk of failure)
Press: ? - help, Dir - move target cursor, f/p - sky beast
Aim: a sky beast (severely wounded)
The air twists around and violently strikes the sky beast!!
You kill the sky beast!
Your Spellcasting skill increases to level 6!
The phantom blinks!
You climb upwards.
There is a stone staircase leading down here.
You start resting.
HP restored.
You start resting.
Eating a chunk of flesh.
You eat the chunk of flesh.
This raw flesh tastes terrible.
Magic restored.
Unknown command.
Unknown command.
You start resting.
Magic restored.
You climb downwards.
The phantom hits you.
The phantom blinks!
The scorpion stings you! The scorpion stings you.
* * * LOW HITPOINT WARNING * * *
You are lethally poisoned!
The scorpion poisons you! The phantom hits you.
* * * LOW HITPOINT WARNING * * *
The scorpion closely misses you.
There is a stone staircase leading up, spattered with blood here.
* * * LOW HITPOINT WARNING * * *
You feel sick. The scorpion barely misses you.
The phantom blinks!
The scorpion closely misses you.
You climb upwards.
* * * LOW HITPOINT WARNING * * *
You feel sick.
There is a stone staircase leading down here.
Casting: Airstrike (mildly dangerous; 2% risk of failure)
Confirm with . or Enter, or press ? or * to list all spells.
Aiming: Airstrike (mildly dangerous; 2% risk of failure)
Press: ? - help, Dir - move target cursor, f - scorpion
Aim: a scorpion The air twists around and strikes the scorpion!
The scorpion is heavily wounded.
* * * LOW HITPOINT WARNING * * *
You feel sick. The scorpion stings you.
You die...

#........ #........
#......). #........
#........ ##........
#..# ###s#.....#
#.s@#.##### #.###.#
##.# .# ##..##..#
#..#...##
###.#..#####
#########............
.......<....#########
.#####....#.#


You could see 2 scorpions.

Vanquished Creatures
  A sky beast (D:5)
  A phantom (D:4)
  A centaur (D:5)
  A howler monkey (D:3)
  An orc wizard (D:5)
  2 iguanas (D:4)
  2 gnolls (D:5)
  An adder (D:3)
  An orc (D:5)
  A bat (D:2)
  A giant cockroach (D:2)
  4 goblins
  2 hobgoblins
  9 jackals
  A quokka (D:3)
  3 frilled lizards
  5 kobolds
  A quokka skeleton (D:4)
  3 rats (D:2)
41 creatures vanquished.

Notes
Turn   | Place    | Note
-------+----------+-------------------------------------------
     0 | D:1      | Amnesiac the Deep Elf Air Elementalist began the quest for
                  | the Orb.
     0 | D:1      | Reached XP level 1. HP: 10/10 MP: 6/6
    98 | D:1      | You fall into a shaft and drop 1 floor!
   187 | D:1      | Reached XP level 2. HP: 5/15 MP: 2/8
   670 | D:3      | Reached XP level 3. HP: 19/19 MP: 7/10
   793 | D:3      | Reached XP level 4. HP: 11/24 MP: 3/12
   819 | D:3      | Learned a level 4 spell: Airstrike
   891 | D:3      | Learned a level 2 spell: Swiftness
   941 | D:5      | Entered Level 5 of the Dungeon
   989 | D:4      | Noticed a phantom
   994 | D:5      | Noticed a centaur
  1000 | D:4      | Killed a phantom
  1000 | D:4      | Reached skill level 5 in Air Magic
  1000 | D:4      | Reached XP level 5. HP: 13/28 MP: 0/14
  1047 | D:4      | Reached skill level 5 in Spellcasting
  1193 | D:5      | Noticed a centaur
  1206 | D:5      | Reached XP level 6. HP: 9/32 MP: 0/16
  1436 | D:5      | Noticed a sky beast
  1438 | D:5      | Killed a sky beast
  1500 | D:4      | Slain by a scorpion

Levels and vault maps discovered:
D:1:      minmay_arrival_hallway, layout_rooms
D:2:      layout_rooms, chequers_ecumenical_altar_grove, minmay_tromino_v4_c
D:3:      layout_basic, first_ration, uniq_robin
D:4:      layout_rooms, uniq_edmund
D:5:      minmay_inner_zag, layout_basic, kiku_gazebo_garden_becter,
          temple_statues, grunt_ministairs_10

Skill      XL: |  1  2  3  4  5  6 |
---------------+-------------------+-----
Air Magic      | 4 5 6 |  6.5
Spellcasting   | 4 5 6 |  6.0
Dodging        | |  2.4
Stealth        | |  2.4
Conjurations   | |  1.1

Action                   |  1- 3 |  4- 6 || total
-------------------------+-------+-------++-------
 Fire: Hunting sling     |     9 |     2 ||    11
 Cast: Shock             |    39 |    29 ||    68
       Airstrike         |       |     8 ||     8
  Use: Scroll            |     2 |     1 ||     3
  Eat: Chunk             |       |     3 ||     3
Armor: Robe              |     4 |     3 ||     7
Dodge: Dodged            |    15 |    11 ||    26

Table legend:
 A = Non-vault XP
 B = Vault XP
 C = Vault XP percentage of total XP
 D = Non-vault monster count
 E = Vault monster count
 F = Vault count percentage of total count
                 A         B        C        D         E       F
            +---------+---------+-------+---------+---------+-------
      Total |     640 |       0 |   0.0 |      41 |       0 |   0.0
            +---------+---------+-------+---------+---------+-------
        D:1 |      10 |       0 |   0.0 |       5 |       0 |   0.0
        D:2 |      21 |       0 |   0.0 |      13 |       0 |   0.0
        D:3 |      81 |       0 |   0.0 |       9 |       0 |   0.0
        D:4 |     204 |       0 |   0.0 |       5 |       0 |   0.0
        D:5 |     324 |       0 |   0.0 |       9 |       0 |   0.0
            +---------+---------+-------+---------+---------+-------
